 Dungeon Crawl Stone Soup version 0.30-b1-5-g8e6c1be481 (webtiles) character file.

Game seed: 8461236400327233656

12000 Hubris850 the Thaumaturge (level 11, -7/79 HPs)
             Began as a Purple Draconian Earth Elementalist on May 4, 2023.
             Was a High Priest of Nemelex Xobeh.
             Mangled by a seven-headed hydra (10 damage)
             ... on level 2 of the Lair of Beasts.
             The game lasted 00:37:23 (12611 turns).

Hubris850 the Thaumaturge (DrEE)                   Turns: 12611, Time: 00:37:23

Health: -7/79      AC: 15    Str: 12    XL:     11   Next: 56%
Magic:  15/26      EV: 12    Int: 19    God:    Nemelex Xobeh [*****.]
Gold:   645        SH:  4    Dex: 11    Spells: 22/32 levels left

rFire   . . .        q - +1 dagger (venom)
rCold   . . .        L - +0 buckler
rNeg    . . .        (body armour unavailable)
rPois   +            (helmet restricted)
rElec   .            (no cloak)
rCorr   .            o - +2 pair of gloves
SInv    .            G - +0 pair of boots
Will    +....        (no amulet)
Stlth   ++           l - ring of poison resistance
HPRegen 0.33/turn    I - +4 ring of protection
MPRegen 0.20/turn

%: no passive effects
@: no status effects
A: breathe power, AC +7, unfitting armour, cold-blooded
a: Breathe Dispelling Energy, Renounce Religion, Draw Escape, Draw Destruction,
Draw Summoning, Triple Draw, Deal Four, Stack Five


You were on level 2 of the Lair of Beasts.
You worshipped Nemelex Xobeh.
Nemelex Xobeh was extremely pleased with you.
You visited 2 branches of the dungeon, and saw 11 of its levels.

You collected 645 gold pieces.

Inventory:

Hand Weapons
 b - a +0 dagger
 j - a +0 hand axe
 q - a +1 dagger of venom (weapon)
Missiles
 p - 2 curare-tipped darts
 C - 34 poisoned darts
 R - 9 boomerangs
Armour
 o - a +2 pair of gloves (worn)
 w - a +0 pair of gloves
 G - a +0 pair of boots (worn)
 L - a +0 buckler (worn)
 V - an orb of guile
Jewellery
 c - a ring of protection from fire
 l - a ring of poison resistance (left hand)
 n - a ring of protection from cold
 t - a ring of magical power
 x - a ring of magical power
 I - a +4 ring of protection (right hand)
 P - a ring of ice
 U - an amulet of guardian spirit
Wands
 D - a wand of roots (3)
 H - a wand of polymorph (8)
 S - a wand of flame (20)
Scrolls
 m - 4 scrolls of poison
 r - 3 scrolls of enchant armour
 s - a scroll of brand weapon {unknown}
 y - 2 scrolls of vulnerability {unknown}
 z - a scroll of noise {unknown}
 A - 6 scrolls of teleportation
 B - a scroll of acquirement {unknown}
 F - 2 scrolls of magic mapping {unknown}
 J - 3 scrolls of blinking
 M - 3 scrolls of amnesia {unknown}
 N - 2 scrolls of immolation {unknown}
 Q - 2 scrolls of enchant weapon {unknown}
 T - 2 scrolls of fear {unknown}
Potions
 a - 2 potions of magic
 d - 2 potions of attraction
 e - 5 potions of haste
 f - 2 potions of flight
 g - 3 potions of heal wounds
 h - a potion of might {unknown}
 i - 2 potions of resistance
 k - 3 potions of curing
 u - 3 potions of mutation
 v - 2 potions of berserk rage {unknown}
 E - 2 potions of invisibility {unknown}
 K - a potion of lignification {unknown}
 O - a potion of ambrosia {unknown}
 W - a potion of brilliance {unknown}


   Skills:
 - Level 2.0 Fighting
 + Level 3.5 Short Blades
 - Level 3.8 Dodging
 - Level 4.0 Stealth
 - Level 3.0 Shields
 - Level 11.1 Spellcasting
 - Level 9.9 Transmutations
 - Level 10.3 Earth Magic


You had 22 spell levels left.
You knew the following spells:

 Your Spells              Type           Power      Damage    Failure   Level
a - Sandblast             Erth           100%       2d20      1%          1
b - Passwall              Tmut/Erth      40%        N/A       1%          2
c - Stone Arrow           Conj/Erth      60%        3d10      3%          3
d - Petrify               Tmut/Erth      49%        N/A       1%          4

Your spell library contained the following spells:

 Spells                   Type           Power      Damage    Failure   Level
 Blade Hands              Tmut           24%        N/A       4%          5
 Magic Dart               Conj           40%        1d5       9%          1
 Call Imp                 Summ           20%        N/A       14%         2
 Mephitic Cloud           Conj/Pois/Air  10%        N/A       26%         3
 Iron Shot                Conj/Erth      15%        9d4       86%         6
 Summon Forest            Summ/Tloc      5%         N/A       94%         5
 Summon Mana Viper        Hex/Summ       10%        N/A       94%         5
 Summon Cactus Giant      Summ           5%         N/A       100%        6
 Borgnjor's Revivificati  Necr           5%         N/A       100%        8
 Necromutation            Tmut/Necr      14%        N/A       100%        8
 Death's Door             Necr           5%         N/A       100%        9
 Animate Armour           Summ/Erth      Unusable   N/A       N/A         4

Dungeon Overview and Level Annotations

Branches:
Dungeon (9/15)             Temple (0/1) D:5            Lair (2/5) D:8
  Swamp: Lair:2-3    Shoals: Lair:2-3     Snake: Lair:2-3    Spider: Lair:2-3
    Orc: D:9-12

Altars:
Ashenzari
Fedhas
Gozag
Kikubaaqudgha
Nemelex Xobeh
Qazlal
Sif Muna
Vehumet
Yredelemnul
Zin
The Shining One

Shops:
D:2 [

Annotations:
D:1 1 transporter
Lair:1 1 runed translucent door


Innate Abilities, Weirdness & Mutations

You can breathe bolts of dispelling energy.
Your rich purple scales are hard. (AC +7)
You cannot fit into any form of body armour.
You are cold-blooded and may be slowed by cold attacks.


Message History

Aim: a seven-headed hydra (91% to hit)
The stone arrow hits the seven-headed hydra!
The seven-headed hydra is moderately wounded.
The seven-headed hydra bites you! x3
The seven-headed hydra bites you but does no damage.
The seven-headed hydra bites you.
The seven-headed hydra bites you but does no damage.
The seven-headed hydra barely misses you.
You draw a card...
You have drawn the Illusion.
Suddenly you stand beside yourself. The seven-headed hydra bites you.
The seven-headed hydra completely misses you.
You block the seven-headed hydra's attack.
The seven-headed hydra bites you. The seven-headed hydra bites you!
The seven-headed hydra closely misses you.
You block the seven-headed hydra's attack.
Hubris850's illusion points at the seven-headed hydra and mumbles some strange words.
The blast of sand hits the seven-headed hydra!!
The seven-headed hydra attacks as you move away!
The seven-headed hydra completely misses you.
The seven-headed hydra bites you! The seven-headed hydra bites you.
* * * LOW HITPOINT WARNING * * *
The seven-headed hydra bites you but does no damage. x2
The seven-headed hydra barely misses you.
The seven-headed hydra bites you but does no damage.
Casting: Stone Arrow (dangerous; 3% risk of failure)
Confirm with . or Enter, or press ? or * to list all spells.
Okay, then.
Unknown command.
You draw... (choose one card, ? for their descriptions)
a - the Elixir
b - the Tomb
c - the Cloud You have drawn the Cloud.
Clouds appear around you! The seven-headed hydra bites you!
* * * LOW HITPOINT WARNING * * *
The seven-headed hydra misses you. The seven-headed hydra bites you!
* * * LOW HITPOINT WARNING * * *
The seven-headed hydra bites you!
You die...
Your body glows with a rainbow of weird colours and disappears.

....).. .......
.......###
.........#
......#.## .....
#..# .... #.§## ###
#.@D## ##P§@# ##..#
##.# #..## ###.##
#####.P## #.......#
###.....### ###
#.........P####..##


You could see a seven-headed hydra (ally target) and the friendly Hubris850's
illusion (summoned).

Vanquished Creatures
  A boulder beetle (Lair:1)
  A two-headed ogre (D:9)
  2 black mambas
  A kobold demonologist (D:9)
  A komodo dragon (Lair:1)
  An unseen horror (D:8)
  A polar bear (D:8)
  2 trolls
  A hornet (D:8)
  5 blink frogs (Lair:1)
  Sigmund (D:5)
  11 yaks
  A wraith (D:9)
  A wyvern (Lair:2)
  A golden eye (D:8)
  2 steam dragons (D:9)
  A water moccasin (D:6)
  2 orc warriors
  2 ice beasts
  2 sky beasts
  3 black bears
  An ogre (D:5)
  2 wolves (D:7)
  3 kobold brigands
  2 gnoll sergeants
  5 bullfrogs
  4 scorpions
  3 wights (D:6)
  5 killer bees (D:8)
  6 hounds
  4 jellies
  4 orc priests
  2 gnoll boudas (D:7)
  3 sleepcaps
  4 iguanas
  7 orc wizards
  10 adders
  25 gnolls
  A white imp (D:7)
  3 worms
  3 dart slugs
  29 orcs
  8 endoplasms
  4 giant cockroaches
  10 goblins
  8 hobgoblins
  20 jackals
  15 kobolds
  5 quokkas
  4 ball pythons
  9 bats
  2 frilled lizards (D:2)
  5 rats
259 creatures vanquished.

Vanquished Creatures (collateral kills)
  A death yak (Lair:1)
  2 cane toads (Lair:1)
  2 yaks (Lair:1)
  A basilisk (Lair:1)
6 creatures vanquished.

Vanquished Creatures (others)
  13 fungi
  12 plants
  5 toadstools (Lair:1)
30 creatures vanquished.

Grand Total: 295 creatures vanquished

Notes
Turn   | Place    | Note
-------+----------+-------------------------------------------
     0 | D:1      | Hubris850 the Draconian Earth Elementalist began the quest
                  | for the Orb.
     0 | D:1      | Reached XP level 1. HP: 14/14 MP: 3/3
    83 | D:1      | Reached XP level 2. HP: 16/20 MP: 0/5
   635 | D:1      | Reached XP level 3. HP: 26/26 MP: 4/6
   953 | D:1      | Found a faded altar of an unknown god.
   966 | D:1      | Prayed at the altar of an unknown god.
   966 | D:1      | Became a worshipper of Nemelex Xobeh the Trickster
   966 | D:1      | Reached * piety under Nemelex Xobeh
  1235 | D:2      | Received a gift from Nemelex Xobeh
  1398 | D:2      | Reached XP level 4. HP: 28/33 MP: 5/7
  1532 | D:2      | Found Tehayh's Antique Armour Shoppe.
  1648 | D:2      | Reached ** piety under Nemelex Xobeh
  1814 | D:2      | Learned a level 2 spell: Passwall
  1818 | D:2      | Learned a level 3 spell: Stone Arrow
  2193 | D:2      | Identified the +0 leather armour of Levity {rElec rCorr
                  | Str+6}
  2507 | D:3      | Reached XP level 5. HP: 36/38 MP: 9/9
  2676 | D:3      | Found an opulent altar of Gozag.
  3154 | D:4      | Reached skill level 3 in Spellcasting
  3305 | D:4      | Received a gift from Nemelex Xobeh
  3374 | D:4      | Reached XP level 6. HP: 29/45 MP: 10/10
  3465 | D:4      | Noticed an ice beast
  3489 | D:4      | Killed an ice beast
  3988 | D:4      | Found a blossoming altar of Fedhas.
  4064 | D:5      | Entered Level 5 of the Dungeon
  4107 | D:5      | Reached *** piety under Nemelex Xobeh
  4211 | D:5      | Noticed Sigmund
  4222 | D:5      | Killed Sigmund
  4223 | D:5      | Your scales start taking on a rich purple colour.
  4223 | D:5      | Reached skill level 4 in Spellcasting
  4223 | D:5      | Reached XP level 7. HP: 50/50 MP: 13/13
  4589 | D:5      | Reached skill level 1 in Fighting
  4589 | D:5      | Reached skill level 1 in Shields
  4680 | D:5      | Reached skill level 5 in Spellcasting
  4680 | D:5      | Reached skill level 5 in Earth Magic
  4698 | D:5      | Found a staircase to the Ecumenical Temple.
  4703 | D:5      | Reached XP level 8. HP: 59/59 MP: 12/15
  4900 | D:5      | Found a shimmering blue altar of Sif Muna.
  4967 | D:5      | Found an ancient bone altar of Kikubaaqudgha.
  4973 | D:5      | Learned a level 4 spell: Petrify
  5230 | D:5      | Found a basalt altar of Yredelemnul.
  5696 | D:6      | Noticed a troll
  5706 | D:6      | Killed a troll
  5707 | D:6      | Reached skill level 6 in Spellcasting
  5707 | D:6      | Reached skill level 5 in Transmutations
  6199 | D:6      | Reached XP level 9. HP: 53/67 MP: 17/19
  6625 | D:7      | Reached **** piety under Nemelex Xobeh
  6713 | D:7      | Reached skill level 7 in Spellcasting
  6848 | D:7      | Received a gift from Nemelex Xobeh
  7672 | D:7      | Found a radiant altar of Vehumet.
  7748 | D:8      | Found a glowing golden altar of the Shining One.
  7780 | D:8      | Reached skill level 8 in Spellcasting
  8159 | D:8      | Found a broken altar of Ashenzari.
  8184 | D:8      | Found a glowing silver altar of Zin.
  8264 | D:8      | Found a staircase to the Lair.
  8360 | D:8      | Found a stormy altar of Qazlal.
  8386 | D:8      | Reached XP level 10. HP: 73/73 MP: 22/22
  9144 | D:9      | Reached skill level 9 in Spellcasting
  9304 | D:9      | Received a gift from Nemelex Xobeh
 10094 | D:9      | Noticed a two-headed ogre
 10102 | D:9      | Killed a two-headed ogre
 10103 | D:9      | Reached skill level 10 in Spellcasting
 10329 | Lair:1   | Entered Level 1 of the Lair of Beasts
 10331 | Lair:1   | Noticed a cane toad
 10332 | Lair:1   | Noticed a black mamba
 10449 | D:8      | a cane toad changed into a polar bear
 10752 | D:8      | Reached XP level 11. HP: 39/79 MP: 25/25
 11097 | Lair:1   | Noticed a death yak
 11108 | Lair:1   | Killed a death yak
 11109 | Lair:1   | Reached skill level 10 in Earth Magic
 11121 | Lair:1   | Noticed a catoblepas
 11121 | Lair:1   | Noticed a dire elephant
 11143 | Lair:1   | Noticed a boulder beetle
 11159 | Lair:1   | Killed a boulder beetle
 11160 | Lair:1   | Reached skill level 11 in Spellcasting
 11349 | Lair:1   | Received a gift from Nemelex Xobeh
 11644 | Lair:1   | Reached ***** piety under Nemelex Xobeh
 11874 | Lair:1   | Received a gift from Nemelex Xobeh
 11916 | Lair:1   | Reached skill level 1 in Short Blades
 12224 | Lair:1   | Found a runed translucent door.
 12601 | Lair:2   | Noticed a seven-headed hydra
 12611 | Lair:2   | HP: 3/79 [seven-headed hydra (7)]
 12611 | Lair:2   | Mangled by a seven-headed hydra

Illustrated notes

Levels and vault maps discovered:
D:1:      spicycebolla_arrival_risky_transporter, layout_loops_cross,
          shapermc_ecumenical_altar_pompeii, minmay_heptomino_h4
D:2:      layout_loops_corners, serial_shops, nicolae_shop_statue_plus
D:3:      layout_rooms, amcnicky_altar_gilded
D:4:      layout_basic, fedhas_altar_4, minivault_1
D:5:      layout_basic, mainiacjoe_overflow_paths, lemuel_tele_altar,
          mainiacjoe_overflow_boulevard, minmay_temple_entry_overgrown,
          grunt_decor_resistance, minmay_a_box_with_orc_wizards_in_it,
          uniq_sigmund
D:6:      layout_loops_corners, kennysheep_another_room
D:7:      layout_cave_pools, kennysheep_mini_moat, serial_gnoll_camp,
          gnoll_camp_mini_doghouse, gnoll_camp_mini_hut, gnoll_camp_mini_hut,
          gnoll_camp_medium_01, gnoll_camp_mini_hut, gnoll_camp_mini_loothouse
D:8:      layout_gridville, grunt_qazlal_sundering, mainiacjoe_overflow_catwalk,
          mainiacjoe_overflow_swirl, grunt_lair_entry_orc_guard_hut
D:9:      layout_rooms, kennysheep_generic_room_15
Lair:1:   gammafunk_lair_enchanted_lake, layout_regular_city, grunt_megastairs_1
Lair:2:   layout_cave_pods, grunt_megastairs_4, uniq_harold

Skill      XL: |  1  2  3  4  5  6  7  8  9 10 11 |
---------------+----------------------------------+-----
Stealth        | 2 3 4 |  4.0
Dodging        | 2 3 |  3.8
Transmutations | 2 3 4 5 7 9 |  9.9
Spellcasting   | 3 4 5 6 8 10 11 | 11.1
Earth Magic    | 4 5 6 8 9 10 | 10.3
Fighting       | 1 2 |  2.0
Shields        | 1 3 |  3.0
Short Blades   | 3 |  3.5

Action                     |  1- 3 |  4- 6 |  7- 9 | 10-12 || total
---------------------------+-------+-------+-------+-------++-------
  Melee: Dagger            |    34 |   121 |   352 |   280 ||   787
         Tailslap          |     5 |    21 |    47 |    69 ||   142
         Unarmed           |     1 |       |       |       ||     1
         Hand axe          |     2 |       |       |       ||     2
         Punch             |       |     3 |     1 |       ||     4
  Throw: Dart              |       |     3 |     5 |     1 ||     9
   Cast: Sandblast         |    57 |    64 |    92 |    34 ||   247
         Petrify           |       |       |     3 |     8 ||    11
         Stone Arrow       |       |       |       |    10 ||    10
 Invoke: Draw Destruction  |       |       |     3 |     6 ||     9
         Draw Summoning    |       |       |       |     4 ||     4
         Draw Escape       |       |       |       |     1 ||     1
         Triple Draw       |       |       |       |     1 ||     1
Ability: Breathe Dispellin |       |       |     4 |     4 ||     8
  Evoke: Wand              |       |     3 |     3 |       ||     6
    Use: Potion            |       |       |     1 |     1 ||     2
         Scroll            |       |       |       |    11 ||    11
   Stab: Sleeping          |     1 |     5 |     1 |     2 ||     9
         Paralysed         |       |     2 |       |       ||     2
         Distracted        |       |       |     1 |       ||     1
         Petrified         |       |       |     8 |    38 ||    46
         Petrifying        |       |       |       |     3 ||     3
 Armour: Skin              |    16 |    40 |   206 |   160 ||   422
  Dodge: Dodged            |    44 |   104 |   238 |   159 ||   545
  Block: Buckler           |       |       |    77 |    53 ||   130
